[Event "*** SCC Grand Prix: Titled Tuesday Blitz"]
[Site "Chess.com"]
[Date "2020.10.06"]
[Round "5"]
[White "tornikesanikidze"]
[Black "Harsha_Bharathakoti"]
[Result "1-0"]
[WhiteElo "2620"]
[BlackElo "2744"]
[TimeControl "180+1"]
[EndTime "10:57:18 PDT"]
[Termination "tornikesanikidze won by resignation"]

1. d4 e6 2. c4 f5 3. g3 Nf6 4. Bg2 d5 5. Nf3 Bd6 6. O-O O-O 7. Nc3 c6 8. Bf4 Bxf4 9. gxf4 Qe7 10. e3 Nbd7 11. Qe2 Ne4 12. Rac1 Kh8 13. Ne5 Nxe5 14. fxe5 Bd7 15. f4 Nxc3 16. Rxc3 Rg8 17.
Rf3 g5 18. fxg5 Rxg5 19. Rg3 Rag8 20. Qf3 Be8 21. cxd5 exd5 22. Kf2 Bh5 23. Qf4 Rg4 24. Qh6 Qh4 25. Qf6+ Qxf6 26. exf6 Rxg3 27. hxg3 Rf8 28. Ra3 a6 29. Rb3 Rf7 30. a4 Bg4 31. Rb6 Bd1 32.
a5 Bg4 33. b4 h6 34. b5 axb5 35. a6 bxa6 36. Rxc6 Bh5 37. Bxd5 Ra7 38. Rc8+ Kh7 39. Bg8+ Kg6 40. f7 Rxf7 41. Bxf7+ Kxf7 42. Ra8 Kg7 43. Rxa6 Bf7 44. Rb6 Bc4 45. Kf3 Kf7 46.
Kf4 Bd3 47. Rxh6 1-0

[Event "*** SCC Grand Prix: Titled Tuesday Blitz"]
[Site "Chess.com"]
[Date "2020.10.06"]
[Round "5"]
[White "Das_Virus_2020"]
[Black "Borsuk_Konstantin"]
[Result "0-1"]
[WhiteElo "2392"]
[BlackElo "2555"]
[TimeControl "180+1"]
[EndTime "10:57:18 PDT"]
[Termination "Borsuk_Konstantin won on time"]

1. e4 e6 2. d4 d5 3. e5 c5 4. c3 Nc6 5. Nf3 Qb6 6. a3 c4 7. Nbd2 Na5 8. Be2 Bd7 9. O-O O-O-O 10. Qe1 h6 11. h4 f5 12. h5 Be7 13. Bd1 Be8 14. Nh2 g5 15. hxg6 Bxg6 16. b3 cxb3 17.
Nxb3 Nc4 18. Bc2 h5 19. Rb1 Qc7 20. Nd2 Na5 21. Qe2 Nh6 22. Bd3 Ng4 23. Ndf3 Kb8 24. Bg5 Rc8 25. Rb5 Rh7 26. Rfb1 Be8 27. Bxe7 Rxe7 28. Rc5 Qd8 29. Rxc8+ Qxc8 30. Qd2 Rc7 31. Ng5 Nxh2 32. Kxh2 Bd7 33. f4 Rxc3 34. Be2 Nb3 35. Qe1 b6 36. Bxh5 Nxd4 37. Qh4 Rc2 38. Nf7 Qf8 39.
Nd6 Nc6 40. Qf6 Qd8 41. Rg1 Rf2 42. Kh3 Rxf4 0-1

[Event "*** SCC Grand Prix: Titled Tuesday Blitz"]
[Site "Chess.com"]
[Date "2020.10.06"]
[Round "5"]
[White "AnonymusDonkey"]
[Black "MarceloPlaya"]
[Result "1-0"]
[WhiteElo "2405"]
[BlackElo "2249"]
[TimeControl "180+1"]
[EndTime "10:57:21 PDT"]
[Termination "AnonymusDonkey won on time"]

1. e4 e6 2. d4 d5 3. e5 c5 4. c3 Nc6 5. Nf3 Qb6 6. Na3 Nge7 7. dxc5 Qd8 8. Nb5 Ng6 9. Nd6+ Bxd6 10. exd6 O-O 11.
Be2 b6 12. b4 bxc5 13. bxc5 Qa5 14. Be3 Qxc3+ 15. Kf1 Bd7 16. Rc1 Qa5 17. h4 Qxa2 18.
h5 Nge5 19. Nxe5 Nxe5 20. h6 g6 21. Bd4 Ba4 22. Qe1 f6 23. f4 Nc4 24. Bxc4 dxc4 25. Qxe6+ Rf7 26. Qe2 Qb3 27. Rh3 Qb7 28. Qf3 Bc6 29.
Qf2 Re8 30. f5 g5 31. Rg3 a5 32. Qd2 a4 33. Bxf6 Kf8 34. Bg7+ Rxg7 35. hxg7+ Qxg7 36. Qxg5 Qxg5 37. Rxg5 a3 38. Rg3 a2 39. Ra3 Bd5 40. Rxa2 c3 41. Ra7 Bc4+ 42. Kf2 1-0

[Event "*** SCC Grand Prix: Titled Tuesday Blitz"]
[Site "Chess.com"]
[Date "2020.10.06"]
[Round "5"]
[White "DonBroca"]
[Black "ailime26"]
[Result "0-1"]
[WhiteElo "2171"]
[BlackElo "1853"]
[TimeControl "180+1"]
[EndTime "10:57:21 PDT"]
[Termination "ailime26 won on time"]

1. e4 c5 2. Nf3 Nc6 3. d4 cxd4 4. Nxd4 Nf6 5. Nc3 e5 6. Ndb5 d6 7. Be3 a6 8. Na3 b5 9. Bxb5 axb5 10. Naxb5 Be7 11.
O-O O-O 12. a4 Ba6 13. f3 Qa5 14. Nd5 Nxd5 15. Qxd5 Nb4 16. Qd2 Bxb5 17. axb5 Qxb5 18. c3 Na6 19. Rab1 Nc5 20. Kh1 Nb3 21. Qf2 Rfc8 22. Rfd1 Qc4 23. Qg3 Nc5 24. Bf2 Ne6 25. Be3 g6 26. Qf2 Bf8 27. Rd2 Ra2 28. Rbd1 Qb3 29. h3 Rca8 30. Kh2 Ra1 31. Rxa1 Rxa1 32. Qe2 Rb1 33. Rc2 Nc5 34. Rd2 Na4 35. Rc2 Nxb2 36.
Bd2 Nc4 0-1

[Event "*** SCC Grand Prix: Titled Tuesday Blitz"]
[Site "Chess.com"]
[Date "2020.10.06"]
[Round "5"]
[White "Chamal_Gedgafov"]
[Black "Kotofeyca"]
[Result "1-0"]
[WhiteElo "2164"]
[BlackElo "2339"]
[TimeControl "180+1"]
[EndTime "10:57:23 PDT"]
[Termination "Chamal_Gedgafov won on time"]

1. d4 d5 2. c4 c6 3. Nc3 Nf6 4. Nf3 dxc4 5. e4 b5 6. e5 Nd5 7. a4 a6 8. axb5 Nxc3 9. bxc3 cxb5 10. Ng5 Qd5 11. Be2 Bb7 12. Bf3 Qd7 13. e6 fxe6 14.
O-O Bd5 15. Re1 Nc6 16. Nxe6 Bxe6 17. d5 Bf5 18. dxc6 Qxd1 19. Rxd1 e5 20. Rd5 Bd3 21. Rxe5+ Kf7 22. Rd5 Be7 23. Bf4 Rhd8 24. c7 Rdc8 25. Bg4 Be4 26. Rd4 Bb7 27. Bxc8 Rxc8 28. Re1 Bf6 29.
Be5 Be7 30. f4 Bc5 31. Kf1 Bxd4 32. cxd4 g6 33. g4 Ke6 34. Kf2 Kd5 35. Ke3 c3 36. Kd3 b4 37. f5 a5 38. Ra1 Ba6+ 39. Kc2 Kc4 40. Rxa5 b3+ 41. Kc1 Bb5 42. Ra7 b2+ 43. Kc2 Kb4 44. d5 Ba4+ 45. Rxa4+ Kxa4 46. d6 Ka3 47. Bxc3 1-0

[Event "*** SCC Grand Prix: Titled Tuesday Blitz"]
[Site "Chess.com"]
[Date "2020.10.06"]
[Round "5"]
[White "Carnivoras"]
[Black "MITerryble"]
[Result "0-1"]
[WhiteElo "2672"]
[BlackElo "2965"]
[TimeControl "180+1"]
[EndTime "10:57:25 PDT"]
[Termination "MITerryble won by resignation"]

1. d4 e6 2. c4 Bb4+ 3. Bd2 Qe7 4.
g3 Nf6 5. Bg2 O-O 6. Nf3 Bxd2+ 7. Nbxd2 d6 8. O-O e5 9. Qc2 a5 10. e4 Nc6 11. d5 Nb8 12. b3 Bg4 13. Nh4 Na6 14. a3 c6 15. Qc3 Qc7 16. b4 axb4 17. axb4 c5 18. b5 Nb4 19. Bf3 Bh3 20. Bg2 Bg4 21. Bf3 Bd7 22. Rxa8 Rxa8 23. Ra1 Qd8 24. Ng2 g6 25. Ne3 Qb8 26. Bd1 h5 27. h4 Be8 28.
Nc2 Nxc2 29. Bxc2 Nd7 30. f4 Qd8 31. f5 Nb6 32. Bd3 Bd7 33. Nf3 gxf5 34. exf5 Rxa1+ 35. Qxa1 Qf6 36. Qa7 Bxf5 37. Be2 Bg4 38. Qxb6 Bxf3 39. Bf1 e4 40. Kh2 Qb2+ 41. Kh3 Qf2 0-1

[Event "*** SCC Grand Prix: Titled Tuesday Blitz"]
[Site "Chess.com"]
[Date "2020.10.06"]
[Round "5"]
[White "ChessWarrior7197"]
[Black "sergoy"]
[Result "1-0"]
[WhiteElo "3014"]
[BlackElo "2872"]
[TimeControl "180+1"]
[EndTime "10:57:26 PDT"]
[Termination "ChessWarrior7197 won on time"]

1. e4 c5 2. Nf3 d6 3. d4 cxd4 4. Nxd4 Nf6 5. Nc3 a6 6. Be3 e5 7.
Nb3 Be7 8. f3 Be6 9. Qd2 Nbd7 10. O-O-O O-O 11. g4 b5 12. g5 Nh5 13. Kb1 Nb6 14.
Na5 Qc7 15. Nd5 Nxd5 16. exd5 Bf5 17. Nc6 f6 18. gxf6 Bxf6 19. Bd3 Qd7 20. Rhg1 Rae8 21. Be4 Nf4 22. Rc1 g6 23. c4 Kh8 24. c5 dxc5 25.
Bxc5 Rf7 26. Ka1 Nh3 27. Rgd1 Ng5 28. Bxf5 gxf5 29. Qd3 e4 30. fxe4 fxe4 31. Qb3 Bg7 32. Bd4 Nf3 33. Bxg7+ Rxg7 34. Qe3 Nxh2 35. d6 Ng4 36. Qd4 e3 37. Ne7 Rf8 38. Rf1 Re8 39.
Rc7 e2 40. Re1 Qe6 41. d7 Rd8 42. Rc8 Qxe7 43. Rxe2 Qxd7 44. Rxd8+ 1-0

[Event "*** SCC Grand Prix: Titled Tuesday Blitz"]
[Site "Chess.com"]
[Date "2020.10.06"]
[Round "5"]
[White "RobPeresian"]
[Black "Sacbutt"]
[Result "0-1"]
[WhiteElo "2436"]
[BlackElo "2288"]
[TimeControl "180+1"]
[EndTime "10:57:26 PDT"]
[Termination "Sacbutt won by resignation"]

1. Nf3 e6 2. c4 d5 3. d4 Nf6 4.
Nc3 Be7 5. Bg5 O-O 6. e3 h6 7. Bxf6 Bxf6 8. Qc2 dxc4 9. Bxc4 b6 10. O-O Bb7 11.
Ne4 Nd7 12. Rfd1 Qe7 13. Rac1 c5 14. Nxf6+ Qxf6 15. dxc5 Nxc5 16. Nd4 Rac8 17. Qe2 e5 18. Nb5 Rfd8 19. Nxa7 Ra8 20. Rxd8+ Qxd8 21. Nb5 Qg5 22.
f3 h5 23. Nd6 Rf8 24. Nxb7 Nxb7 25. Rd1 h4 26. e4 Nc5 27. Qd2 Qh5 28. Qe3 h3 29. g3 Rc8 30. b3 Ra8 31. a4 Rc8 32. Rd6 Nxa4 33. g4 Qh4 34. Rd7 Rxc4 35. bxc4 Nc5 36. Rd6 Ne6 37. Rxb6 Nd4 38. Rb1 Qf6 39. Rf1 Qa6 40. Kf2 Qxc4 41. Kg3 Qxf1 42. Qf2 Qxf2+ 43.
Kxf2 Ne6 44. Kg3 Nf4 45. g5 f6 46. Kg4 Kf7 47. Kf5 g6+ 48. Kg4 Ke6 49. Kh4 f5 50.
Kg3 fxe4 51. fxe4 Kd6 0-1

[Event "*** SCC Grand Prix: Titled Tuesday Blitz"]
[Site "Chess.com"]
[Date "2020.10.06"]
[Round "5"]
[White "Teo2000"]
[Black "Obito24"]
[Result "1-0"]
[WhiteElo "2418"]
[BlackElo "2546"]
[TimeControl "180+1"]
[EndTime "10:57:27 PDT"]
[Termination "Teo2000 won on time"]

1. e4 e5 2. Nf3 Nc6 3. Bc4 Nf6 4.
Ng5 d5 5. exd5 Na5 6. Bb5+ c6 7.
dxc6 bxc6 8. Qf3 Bd7 9. Bd3 Be7 10. Nc3 h6 11. Nge4 Nd5 12. Ng3 Be6 13. O-O O-O 14.
Bf5 Nc7 15. d3 Rb8 16. b3 Bd5 17. Nxd5 cxd5 18. Bb2 Nc6 19. Rfe1 Bf6 20. Nh5 Re8 21. Nxf6+ gxf6 22. Qg4+ Kh8 23. Qh5 Kg7 24. Re3 Rh8 25.
Ba3 Ne7 26. Rg3+ Kf8 27. Qg4 Ke8 28. Qg7 Rf8 29. Bh3 Nb5 30. Bc1 Qd6 31. Bxh6 Rg8 32. Qh7 Rxg3 33. hxg3 Kd8 34. Qxf7 Kc7 35. Bf8 Kd8 36.
c4 Nc3 37. Bg7 Rb7 38. Bxf6 e4 39. Qf8+ Kc7 40. Bxe7 1-0

[Event "*** SCC Grand Prix: Titled Tuesday Blitz"]
[Site "Chess.com"]
[Date "2020.10.06"]
[Round "5"]
[White "banane_verte"]
[Black "DeGrootteZ"]
[Result "1-0"]
[WhiteElo "2461"]
[BlackElo "2636"]
[TimeControl "180+1"]
[EndTime "10:57:28 PDT"]
[Termination "banane_verte won by resignation"]

1. e4 c5 2. Nc3 a6 3. g3 b5 4. Bg2 Bb7 5. d3 e6 6. Nge2 b4 7. Na4 d5 8. exd5 Nf6 9. O-O Bxd5 10.
Bxd5 Nxd5 11. Nf4 Nb6 12. Nxb6 Qxb6 13. b3 Nd7 14. Bb2 Qc6 15. Qe2 Nf6 16. Rae1 Be7 17. Nh5 Nxh5 18. Qxh5 O-O 19. Re4 f5 20. Re2 Bf6 21. Be5 a5 22. Rfe1 a4 23. f4 axb3 24. axb3 Qd7 25. Qf3 Ra2 26. Qf2 Be7 27. Ra1 Rfa8 28.
Ree1 Kf7 29. Rxa2 Rxa2 30. Ra1 Rxa1+ 31. Bxa1 Qa7 32. Be5 Qa2 33. Kg2 Qb1 34. h3 h5 35.
Qe2 g6 36. Bh8 Qc1 37. d4 cxd4 38. Bxd4 h4 39. g4 Qxf4 40. Be5 Qe4+ 41. Qxe4 fxe4 42.
Kf2 Bc5+ 43. Ke2 g5 44. c3 bxc3 45. Bxc3 Ke7 46. Bd2 Kf6 47. Be3 Bb4 48. Bd2 Bd6 49. Bc3+ e5 50. Ke3 Ke6 51. Kxe4 Bc7 52. b4 Bd8 53. b5 Bc7 54. Bb4 Bd8 55. Bc5 Bc7 56.
Ba7 Bb8 1-0

[Event "*** SCC Grand Prix: Titled Tuesday Blitz"]
[Site "Chess.com"]
[Date "2020.10.06"]
[Round "5"]
[White "NMZanette"]
[Black "r31415"]
[Result "0-1"]
[WhiteElo "2229"]
[BlackElo "2481"]
[TimeControl "180+1"]
[EndTime "10:57:28 PDT"]
[Termination "r31415 won on time"]

1. e4 e5 2. Nf3 Nc6 3. Bb5 Nf6 4. d3 d6 5. c3 Bd7 6. O-O g6 7. Re1 Bg7 8. d4 O-O 9. h3 Nh5 10. a4 h6 11. a5 a6 12. Bc4 Kh8 13. dxe5 dxe5 14. Be3 Qe8 15. Bc5 Rg8 16. Qb3 Nd8 17.
Nbd2 Nf4 18. Kh2 Rb8 19. Bxa6 Nde6 20. Ba7 bxa6 21. Bxb8 Qxb8 22. Qxb8 Rxb8 23. b4 Nd3 24. Re2 Nef4 25. Re3 Nxf2 26. Nc4 N2d3 27. Rd1 Bb5 28.
Na3 Nb2 29. Rd2 Nc4 30. Nxc4 Bxc4 31. Rd7 Rc8 32. Nd2 Be6 33. Re7 Bf6 34. Rxe6 Nxe6 35. Rd3 Rd8 36. Rxd8+ Nxd8 37. Nb3 Be7 38. Kg3 Kg7 39. Kf3 Kf6 40. Ke3 Nc6 41. Kd3 Kg5 42. g3 h5 43. Nd2 f5 44. Nf3+ Kf6 45. h4 Ke6 46. Nd2 f4 47. gxf4 exf4 48. Ke2 Bxh4 49. Nb3 Be7 50. Kf3 g5 51. Nd2 Ne5+ 52. Kg2 g4 53.
Kf2 h4 54. Nb3 Nc6 55. Nc1 h3 56. Nd3 g3+ 57. Kg1 Bd6 58. b5 axb5 59. a6 Na7 0-1

[Event "*** SCC Grand Prix: Titled Tuesday Blitz"]
[Site "Chess.com"]
[Date "2020.10.06"]
[Round "5"]
[White "ChronicUnhappiness"]
[Black "vladgoncharov"]
[Result "0-1"]
[WhiteElo "2268"]
[BlackElo "2430"]
[TimeControl "180+1"]
[EndTime "10:57:29 PDT"]
[Termination "vladgoncharov won by resignation"]

1. d4 Nf6 2. c4 g6 3. Nc3 Bg7 4. e4 d6 5. Nf3 O-O 6. Be2 Bg4 7.
Be3 Nfd7 8. Ng1 Bxe2 9. Ngxe2 c5 10. O-O cxd4 11. Nxd4 Nc6 12. Qd2 Nxd4 13. Bxd4 Bxd4 14. Qxd4 Qb6 15. Qd2 Rfc8 16. b3 Qa5 17. Rac1 a6 18. Qd4 b5 19. Nd5 Qd8 20. f4 e6 21. Ne3 Qb6 22. Rfd1 Rab8 23. Kf2 Nc5 24. Kf3 Rd8 25. b4 Na4 26. Qxb6 Nxb6 27. c5 dxc5 28. Rxd8+ Rxd8 29. bxc5 Na8 30. Rd1 Rxd1 31. Nxd1 Kf8 32. e5 Ke7 33. Nc3 Nc7 34. Ke4 Kd7 35. Kd4 Kc6 36.
Ne4 Nd5 37. g3 Nb4 38. Ng5 Nxa2 39. Nxf7 b4 40. Kc4 a5 41. Nd8+ Kd7 42. Nb7 a4 43. Na5 b3 44. Nxb3 axb3 45. Kxb3 Nc1+ 46. Kc4 Kc6 47.
Kd4 Nb3+ 48. Ke3 Nxc5 49. g4 Kd5 50. h4 Nd7 51. Kf3 Nxe5+ 52. fxe5 Kxe5 53. Ke3 h6 54. Kf3 g5 55. hxg5 hxg5 56. Ke3 Kd5 57. Kd3 e5 58. Ke3 e4 59. Kf2 Kd4 60. Ke2 e3 61. Ke1 Ke4 62. Ke2 Kf4 63. Kd3 Kf3 64. Kd4 e2 65. Ke5 Kxg4 0-1

[Event "*** SCC Grand Prix: Titled Tuesday Blitz"]
[Site "Chess.com"]
[Date "2020.10.06"]
[Round "5"]
[White "rududuyk"]
[Black "ljuks68"]
[Result "1/2-1/2"]
[WhiteElo "2147"]
[BlackElo "2328"]
[TimeControl "180+1"]
[EndTime "10:57:30 PDT"]
[Termination "Game drawn - insufficient material"]

1. e4 e6 2. d4 d5 3. Nd2 Nf6 4. e5 Nfd7 5. Bd3 c5 6. c3 Nc6 7. Ne2 cxd4 8. cxd4 f6 9. exf6 Qxf6 10. Nf3 h6 11. O-O Bd6 12. Ng3 O-O 13. a3 Rd8 14.
Bc2 Nf8 15. Re1 Bd7 16. Qd3 Be8 17. b4 Bg6 18. Qe2 Bxc2 19. Qxc2 Nxd4 20. Nxd4 Qxd4 21. Bb2 Qh4 22. Qc3 Qg5 23. h4 Qg4 24. Nh5 Rd7 25.
Nf6+ gxf6 26. Qxf6 Rh7 27. Rab1 Qf4 28. Re3 Qxf6 29.
Bxf6 Rf7 30. Bd4 b6 31. g3 Rc8 32. Rbe1 Rc2 33. f4 Rfc7 34. Bf6 Rc1 35. Kg2 Rxe1 36. Rxe1 Rc3 37. Bxc3 Kf7 38. Kf3 h5 39. g4 hxg4+ 40.
Kxg4 Ng6 41. h5 Nxf4 42. Rf1 e5 43. Bxe5 Bxe5 44. Rxf4+ Ke6 45. Rf5 Bb2 46. h6 Bxa3 47. h7 Bb2 48. Rh5 Bh8 49. Rh6+ Ke5 50. Rg6 Kd4 51. Rg8 Be5 52. h8=Q Bxh8 53. Rxh8 Kc4 54. Kf5 Kxb4 55. Rh4+ Kb3 56. Ke5 a5 57. Kxd5 a4 58. Kc6 a3 59. Kxb6 a2 60. Rh1 Kb2 61. Kb5 a1=Q 62. Rxa1 Kxa1 1/2-1/2

[Event "*** SCC Grand Prix: Titled Tuesday Blitz"]
[Site "Chess.com"]
[Date "2020.10.06"]
[Round "5"]
[White "Fh2411"]
[Black "maxip32"]
[Result "0-1"]
[WhiteElo "2513"]
[BlackElo "2392"]
[TimeControl "180+1"]
[EndTime "10:57:31 PDT"]
[Termination "maxip32 won on time"]

1. d4 Nf6 2. Nf3 g6 3. g3 Bg7 4. Bg2 O-O 5. O-O d6 6. c4 Nbd7 7.
Nc3 e5 8. e4 exd4 9. Nxd4 Re8 10. Re1 Nc5 11. h3 a5 12. Bf4 Nh5 13. Be3 Nf6 14. Qc2 Bd7 15. Rad1 Qc8 16. Kh2 h5 17. Bf4 Nh7 18. h4 Bxd4 19. Rxd4 Ne6 20. Rdd1 Nxf4 21. gxf4 Bc6 22. f3 Qd8 23. Kg3 Qf6 24. Qd2 Nf8 25. Qd4 Qxd4 26. Rxd4 Ne6 27. Rd2 Nc5 28. Red1 Kg7 29. Bh3 Rab8 30. Re2 Re7 31. e5 dxe5 32.
fxe5 Rbe8 33. f4 f6 34. exf6+ Kxf6 35. Rxe7 Rxe7 36. Nd5+ Bxd5 37. Rxd5 b6 38. Rd2 Re3+ 39. Kg2 Re4 40. Kf3 Rxc4 41. Bf1 Re4 42. Bb5 Re1 43. b3 Rh1 44. Rd8 Rxh4 45. Rf8+ Ke7 46. Rg8 Rg4 0-1

[Event "*** SCC Grand Prix: Titled Tuesday Blitz"]
[Site "Chess.com"]
[Date "2020.10.06"]
[Round "5"]
[White "PowerThinking2650"]
[Black "CzechmVIII"]
[Result "1-0"]
[WhiteElo "2381"]
[BlackElo "2146"]
[TimeControl "180+1"]
[EndTime "10:57:31 PDT"]
[Termination "PowerThinking2650 won on time"]

1. e4 c5 2. Nf3 d6 3. d4 cxd4 4. Nxd4 Nf6 5. Nc3 g6 6. Bc4 Bg7 7. Be3 Nc6 8. f3 O-O 9. Qd2 Bd7 10. O-O-O Rc8 11. Bb3 Ne5 12. h4 h5 13. Kb1 Nc4 14.
Bxc4 Rxc4 15. Nde2 b5 16. Nf4 b4 17. Ncd5 Nxd5 18.
Nxd5 Be6 19. Bh6 Bxd5 20. Bxg7 Kxg7 21. exd5 Qc7 22. g4 Rc8 23. Rh2 Rh8 24. b3 Rc5 25. Qd4+ Kg8 26. Qxb4 a5 27. Qd4 a4 28. g5 axb3 29.
axb3 Kh7 30. Kb2 Rb8 31. f4 Rc4 32. Qd2 Re4 33. Rf2 Qc5 34. f5 Ra8 35. fxg6+ fxg6 36. Ra1 Rxa1 37. Kxa1 Qa3+ 38. Kb1 Qc5 39. Kb2 Rd4 40. Qc3 Qxc3+ 41. Kxc3 Rxd5 42. Rf7+ Kg8 43. Rxe7 Rf5 44. Re6 Rf3+ 45. Kb2 Rf4 46. Rxg6+ Kf7 47. Rxd6 Rxh4 48. g6+ Kg7 49. Rd3 Rg4 50. b4 Rxg6 51. Kb3 h4 52.
Rh3 1-0

[Event "*** SCC Grand Prix: Titled Tuesday Blitz"]
[Site "Chess.com"]
[Date "2020.10.06"]
[Round "5"]
[White "JoliyRoger"]
[Black "esrosenberg"]
[Result "1-0"]
[WhiteElo "2464"]
[BlackElo "2299"]
[TimeControl "180+1"]
[EndTime "10:57:32 PDT"]
[Termination "JoliyRoger won on time"]

1. Nf3 Nf6 2. c4 b6 3. d4 e6 4. a3 Bb7 5. Nc3 c5 6. d5 exd5 7. cxd5 d6 8. e4 Be7 9. Bd3 O-O 10. O-O Nbd7 11. h3 Re8 12. Bf4 a6 13. a4 Nf8 14.
Re1 Ng6 15. Bh2 Bf8 16. Qc2 Nh5 17. Rad1 Ra7 18. Bc4 Nhf4 19. Qd2 Qf6 20. Re3 Bc8 21. Rde1 Bd7 22. Bg3 b5 23. axb5 axb5 24. Bxb5 Ne5 25.
Nxe5 Rxe5 26. Bxd7 Rxd7 27. Rf3 Nxh3+ 28. Kf1 Qg6 29.
Bxe5 Ng5 30. Rg3 f6 31. Bf4 Qh5 32. Bxg5 fxg5 33. Rh3 Qf7 34. Qxg5 h6 35. Qf5 Qe8 36.
Qe6+ Qxe6 37. dxe6 Rb7 38. f4 Be7 39. f5 Rxb2 40. Nd5 Bg5 41. Rf3 Kf8 42. Re2 Rb1+ 43. Kf2 Rd1 44. g3 c4 45. Rc3 Rd4 46. Kf3 h5 47. Nf4 Ke7 48. Rec2 d5 49. Nxd5+ Kd6 50.
Nf4 Ke5 51. Rxc4 Rd1 52. Rc5+ Kf6 53. Nxh5+ 1-0

[Event "*** SCC Grand Prix: Titled Tuesday Blitz"]
[Site "Chess.com"]
[Date "2020.10.06"]
[Round "5"]
[White "StellarChessPro"]
[Black "reutik"]
[Result "0-1"]
[WhiteElo "2463"]
[BlackElo "2208"]
[TimeControl "180+1"]
[EndTime "10:57:33 PDT"]
[Termination "reutik won by checkmate"]

1. d4 d5 2. c4 c6 3. e3 Nf6 4.
Nc3 g6 5. Nf3 Bg7 6. Bd3 O-O 7.
O-O Nbd7 8. Qe2 e5 9. dxe5 Ng4 10.
cxd5 cxd5 11. Rd1 Ndxe5 12. Bc2 Nxf3+ 13. Qxf3 Qc7 14. g3 Bxc3 15. bxc3 Qxc3 16. Bb3 Qxa1 17. Ba3 Qg7 18. Bxd5 Ne5 19. Qe4 Be6 20. Bxb7 Rfd8 21. Rc1 Rab8 22. Be7 f6 23. Bxd8 Qxb7 24. Qxb7 Rxb7 25.
Bxf6 Nf3+ 26. Kg2 Bd5 27. Kh3 Kf7 28. Bh8 Bxa2 29. Kg4 Bd5 30. h4 h5+ 31. Kh3 Ke6 32. Ra1 Bc4 33. g4 hxg4+ 34. Kxg4 Ne5+ 35. Bxe5 Kxe5 36. Ra5+ Ke4 37. Kg5 Rb5+ 38. Rxb5 Bxb5 39. Kxg6 Bd3 40.
f4 Kd5+ 41. Kg5 Ke6 42. Kg4 a5 43. Kf3 Kd5 44. e4+ Bxe4+ 45. Ke3 a4 46. Kd2 Kc4 47. Kc1 a3 48. f5 Bxf5 49. h5 Kc3 50. h6 a2 51. Kd1 Bd3 52. Ke1 a1=Q+ 53. Kf2 Qf1+ 54.
Kg3 Be4 55. h7 Qf3+ 56. Kh4 Bxh7 57. Kg5 Be4 58. Kh4 Qg2 59. Kh5 Kd4 60. Kh6 Ke5 61. Kh5 Kf5 62. Kh4 Qh2# 0-1

[Event "*** SCC Grand Prix: Titled Tuesday Blitz"]
[Site "Chess.com"]
[Date "2020.10.06"]
[Round "5"]
[White "Fischerev7"]
[Black "AungTZ"]
[Result "1-0"]
[WhiteElo "2346"]
[BlackElo "2147"]
[TimeControl "180+1"]
[EndTime "10:57:33 PDT"]
[Termination "Fischerev7 won by resignation"]

1. e4 c5 2. Nf3 Nc6 3. d4 cxd4 4. Nxd4 Nf6 5. Nc3 d6 6. Bg5 e6 7. Qd2 a6 8. O-O-O h6 9. Be3 Bd7 10. Kb1 Ng4 11. Bc4 Nxe3 12. Qxe3 Be7 13. f4 Qc7 14. Bb3 Nxd4 15. Qxd4 Bc6 16. Qxg7 Rf8 17. Qxh6 O-O-O 18. f5 exf5 19. exf5 Rh8 20. Qg7 Rdf8 21. Bxf7 Bd8 22. Be6+ Kb8 23. Qd4 Be7 24. Nd5 Bxd5 25. Qxd5 Rd8 26.
g4 Rh4 27. h3 Bf6 28. Rd3 Be5 29. Rf1 Rf8 30. Rb3 Ka7 31. a4 Rf6 32. Rff3 Rfh6 33.
Rfd3 Rh7 34. a5 R4h6 35. Rb6 Rh4 36. Rdb3 Rxh3 37. Rxb7+ Qxb7 38. Rxb7+ Rxb7 39. b3 Re3 40. Qd2 Rg3 41. Qf2+ Kb8 42. Bd5 Rxg4 43. Bxb7 Kxb7 44. Qf3+ Kc7 45. Qxg4 Kc6 1-0

[Event "*** SCC Grand Prix: Titled Tuesday Blitz"]
[Site "Chess.com"]
[Date "2020.10.06"]
[Round "5"]
[White "Fy_Rakotomaharo"]
[Black "Smirnov_Pavel"]
[Result "1-0"]
[WhiteElo "2637"]
[BlackElo "2791"]
[TimeControl "180+1"]
[EndTime "10:57:34 PDT"]
[Termination "Fy_Rakotomaharo won on time"]

1. e4 c5 2. Nf3 Nc6 3. Bb5 g6 4.
O-O Bg7 5. c3 Nf6 6. Re1 O-O 7.
h3 e5 8. Na3 d6 9. Nc2 a6 10. Bxc6 bxc6 11. d4 cxd4 12. cxd4 exd4 13. Ncxd4 c5 14. Nb3 Bb7 15. e5 Ne4 16. Qc2 dxe5 17. Rxe4 Bxe4 18. Qxe4 c4 19. Nbd2 Rc8 20. b3 f5 21. Qb1 e4 22. Ne1 Bxa1 23. Qxa1 cxb3 24. axb3 Rf7 25. Nc4 Qd1 26. Qc3 Rb8 27. Bb2 Kf8 28.
Qh8+ Ke7 29. Ba3+ Ke6 30. Qxb8 Qxe1+ 31. Kh2 Qd1 32. Qe5+ Kd7 33. Nb6+ Kc6 34. Qc5+ Kb7 35. Nc4 Rd7 36. Na5+ Kb8 37. Qb6+ Kc8 38. Qc6+ Kb8 39. Bc5 Qd5 40. Qb6+ Kc8 41. Nc6 1-0

[Event "*** SCC Grand Prix: Titled Tuesday Blitz"]
[Site "Chess.com"]
[Date "2020.10.06"]
[Round "5"]
[White "SharapovEvgeny"]
[Black "sopo-tereladze"]
[Result "1-0"]
[WhiteElo "2469"]
[BlackElo "2304"]
[TimeControl "180+1"]
[EndTime "10:57:34 PDT"]
[Termination "SharapovEvgeny won by resignation"]

1. c4 Nf6 2. Nc3 e6 3. Nf3 d5 4. cxd5 exd5 5. d4 c6 6. Bg5 Bf5 7. Qb3 b6 8. e3 Bd6 9. Be2 h6 10. Bh4 O-O 11. O-O Nbd7 12. Rac1 Rc8 13. Bg3 Qe7 14.
Bxd6 Qxd6 15. Rfd1 Ne4 16. Nxe4 Bxe4 17. Rc3 Rc7 18. Qa4 Bxf3 19. Bxf3 Rfc8 20. b4 b5 21. Qb3 Nb6 22. e4 Nc4 23. e5 Qg6 24. Qc2 Qxc2 25. Rxc2 f6 26. exf6 gxf6 27. Re1 Kf7 28. Rce2 a5 29.
bxa5 Nxa5 30. Bh5+ Kf8 31. Re6 Kg7 32. Re7+ Rxe7 33.
Rxe7+ Kg8 34. h4 Nc4 35. Re6 Kg7 36. Kh2 b4 37. Kg3 Na3 38. Re7+ Kg8 39. Rf7 Nc2 40.
Rxf6 Nxd4 41. Bg4 Rc7 42. Rxh6 b3 43. axb3 Nxb3 44. Rd6 Nd2 45. Bf5 Kf7 46. Rd7+ Rxd7 47. Bxd7 c5 48. Kf4 d4 49. Ke5 Nc4+ 50. Ke4 d3 51.
Bb5 d2 52. Bxc4+ Kg6 53. Be2 c4 54. Kd4 1-0

[Event "*** SCC Grand Prix: Titled Tuesday Blitz"]
[Site "Chess.com"]
[Date "2020.10.06"]
[Round "5"]
[White "GHANDEEVAM2003"]
[Black "ftorodent"]
[Result "1-0"]
[WhiteElo "2960"]
[BlackElo "2672"]
[TimeControl "180+1"]
[EndTime "10:57:35 PDT"]
[Termination "GHANDEEVAM2003 won on time"]

1. d4 d5 2. c4 e6 3. Nf3 Nf6 4.
Nc3 Be7 5. Bf4 O-O 6. e3 Nbd7 7.
cxd5 Nxd5 8. Bg3 Nxc3 9. bxc3 b6 10. Bd3 Bb7 11. O-O c5 12. a4 Nf6 13. a5 Rc8 14.
axb6 axb6 15. Ra7 Be4 16. Ne5 Ra8 17. Rxa8 Qxa8 18. f3 Bxd3 19. Qxd3 cxd4 20. cxd4 Rc8 21. Rb1 Nd5 22. e4 Nb4 23. Qb3 Qa6 24. Bf2 h6 25. h3 Bd6 26. Be1 Bxe5 27. dxe5 Nd3 28. Bg3 Rc5 29. f4 Qc4 30. Qxc4 Rxc4 31. Rb3 Nc5 32.
Rxb6 Nxe4 33. Be1 g5 34. fxg5 hxg5 35. Bb4 Kg7 36. Rb8 Kg6 37. g4 Rc2 38. Be7 Nd2 39.
Bf6 Nf3+ 40. Kf1 Rd2 41. Rb3 Nd4 42. Ra3 Rb2 43. Ra8 Nf3 44. Ra3 Nd4 45. Rd3 Nc6 46. Rd6 1-0

[Event "*** SCC Grand Prix: Titled Tuesday Blitz"]
[Site "Chess.com"]
[Date "2020.10.06"]
[Round "5"]
[White "Deepweb2020"]
[Black "Tenamu"]
[Result "0-1"]
[WhiteElo "2230"]
[BlackElo "2372"]
[TimeControl "180+1"]
[EndTime "10:57:35 PDT"]
[Termination "Tenamu won on time"]

1. d4 e6 2. c4 Nf6 3. g3 c5 4. Nf3 cxd4 5. Nxd4 Nc6 6. Bg2 Bc5 7. Nb3 Be7 8. O-O O-O 9. Nc3 b6 10. Bf4 Bb7 11.
Bd6 Ba6 12. Nb5 Rc8 13. Qd2 Na5 14. Bxe7 Qxe7 15. Nxa5 bxa5 16. Qxa5 Bxb5 17. cxb5 Rc2 18. Qxa7 Rxb2 19. Rab1 Qb4 20. Rxb2 Qxb2 21. b6 d5 22. a4 Qxe2 23. a5 Qb5 24. a6 Nd7 25. b7 Nb8 26. Ra1 g6 27. Bf1 Qb2 28. Re1 Qb4 29. Qa8 Nc6 30.
a7 Nxa7 31. Qxa7 Qxe1 32. b8=Q Rxb8 33. Qxb8+ Kg7 34. Qb2+ e5 35. Qe2 Qc3 36. Qd3 Qxd3 37. Bxd3 f5 38. f3 e4 39. fxe4 fxe4 40. Be2 Kf6 41.
Kf2 Ke5 42. Bb5 g5 43. h4 gxh4 44. gxh4 Kf4 45. h5 d4 46. Be8 d3 47. Bf7 h6 48.
Bg6 e3+ 49. Ke1 d2+ 50. Ke2 Kg5 0-1